 Dungeon Crawl Stone Soup version 0.27.1-34-g3ba077fa99 (webtiles) character file.

Game seed: 12328802251940927551

18 DrunkBamboolord the Cudgeller (level 2, -4/28 HPs)
             Began as a Naga Monk on Jan 14, 2022.
             Slain by a gnoll (5 damage)
             ... on level 1 of the Dungeon.
             The game lasted 00:01:00 (1285 turns).

DrunkBamboolord the Cudgeller (Naga Monk)           Turns: 1285, Time: 00:01:00

Health: -4/28      AC:  2    Str: 13    XL:     2   Next: 66%
Magic:  2/2        EV: 10    Int: 10    God:
Gold:   6          SH:  0    Dex: 13    Spells: 1/1 levels left

rFire    . . .     SeeInvis +   a - +0 mace
rCold    . . .     Faith    .   (no shield)
rNeg     . . .     Spirit   .   d - +0 leather armour
rPois    +         Reflect  .   (no helmet)
rElec    .         Harm     .   (no cloak)
rCorr    .         Rampage  .   (no gloves)
Will     .....                  (no barding)
Stlth    ++........             (no amulet)
HPRegen  0.09/turn              (no ring)
MPRegen  0.08/turn              (no ring)

@: brilliant, very slow
A: AC +0, large, see invisible, deformed body, poison resistance, slowness 2,
spit poison 1, naga tail 1
a: Spit Poison


You were on level 1 of the Dungeon.
You visited 1 branch of the dungeon, and saw 1 of its levels.

You collected 6 gold pieces.

Inventory:

Hand Weapons
 a - a +0 mace (weapon)
Armour
 d - a +0 leather armour (worn)
Scrolls
 b - a scroll of teleportation {unknown}


   Skills:
 * Level 3.3 Fighting
 * Level 3.3 Maces & Flails
 * Level 0.2 Armour
 + Level 2.5 Dodging
 - Level 3.0 Stealth


You had one spell level left.
You didn't know any spells.
Your spell library was empty.

Dungeon Overview and Level Annotations

Branches:
Dungeon (1/15)

Altars:


Innate Abilities, Weirdness & Mutations

Your serpentine skin is tough. (AC +0)
You have supernaturally acute eyesight. (SInv)
Armour fits poorly on your strangely shaped body.
Your system is resistant to poisons. (rPois)
You cover ground very slowly.
You can spit poison.
You have a snake-like lower body.


Message History

Found 2 glowing green potions and a scroll labelled TAOXE XAUMIRCH.
Found a leather armour.
A gnoll comes into view. It is wielding a +0 club.
Found 22 stones.
A gnoll is nearby!
A gnoll is nearby!
A kobold comes into view. It is wielding a +0 dagger.
The kobold shouts!
The gnoll shouts!
The kobold throws a stone.
The stone closely misses you.
The kobold throws a stone.
The stone hits you but does no damage.
You closely miss the gnoll. The gnoll hits you with a +0 club.
You hit the gnoll.
The gnoll is heavily wounded.
The kobold hits you but does no damage. The gnoll hits you with a +0 club.
You hit the gnoll but do no damage.
The gnoll is heavily wounded.
The kobold hits you with a +0 dagger. The gnoll closely misses you.
The kobold hits you but does no damage. The gnoll closely misses you.
You hit the gnoll.
The gnoll is severely wounded.
The kobold hits you with a +0 dagger. The gnoll hits you but does no damage.
You barely miss the gnoll.
The gnoll is severely wounded.
The kobold hits you with a +0 dagger. The gnoll hits you with a +0 club.
* * * LOW HITPOINT WARNING * * *
You hit the gnoll.
The gnoll is almost dead.
The kobold hits you with a +0 dagger.
* * * LOW HITPOINT WARNING * * *
The gnoll hits you with a +0 club.
* * * LOW HITPOINT WARNING * * *
The kobold hits you with a +0 dagger.
* * * LOW HITPOINT WARNING * * *
The gnoll hits you with a +0 club.
* * * LOW HITPOINT WARNING * * *
It was a potion of brilliance.
You feel clever all of a sudden. The kobold closely misses you.
The gnoll hits you with a +0 club.
You die...

#.# #)รท #.#.# #####..
#.#.#####....... #.#
#..........
#.#.##.......... #.#
............
#######.####..........
#.....................
#...g@.....#..........
#..[K......#..........
#..........#..........
#.(........###########
#..........#
#........!.#
#.....?....#
#..........#
#..........#


You could see a gnoll and a kobold.

Vanquished Creatures
  An adder zombie (D:1)
  A dart slug (D:1)
  2 endoplasms (D:1)
  A goblin (D:1)
  2 hobgoblins (D:1)
  A ball python (D:1)
  A ball python zombie (D:1)
  A bat (D:1)
  A kobold (D:1)
  2 rats (D:1)
13 creatures vanquished.

Notes
Turn   | Place    | Note
-------+----------+-------------------------------------------
     0 | D:1      | DrunkBamboolord the Naga Monk began the quest for the Orb.
     0 | D:1      | Reached XP level 1. HP: 21/21 MP: 1/1
   285 | D:1      | HP: 1/21 [hobgoblin (5)]
   444 | D:1      | Reached XP level 2. HP: 16/28 MP: 2/2
  1284 | D:1      | HP: 1/28 [gnoll (1)]
  1285 | D:1      | Slain by a gnoll

Illustrated notes

Levels and vault maps discovered:
D:1:      saegor_arrival_fortress, layout_basic

Action                   || total
-------------------------++-------
Melee: Mace              ||    52
  Use: Potion            ||     1
Armor: Robe              ||     3
       Leather armour    ||     9
Dodge: Dodged            ||    30
